 Dungeon Crawl Stone Soup version 0.20-a0-1018-ge435b50 (webtiles) character file.

702 theAP the Ruffian (level 7, -9/72 HPs)
             Began as a Troll Monk on Apr 17, 2017.
             Was a Believer of Wu Jian.
             Killed from afar by an orc wizard (10 damage)
             ... with a puff of flame
             ... on level 5 of the Dungeon.
             The game lasted 00:06:46 (3087 turns).

theAP the Ruffian (Troll Monk)                      Turns: 3087, Time: 00:06:46

Health: -9/72      AC:  5    Str: 21 (22) XL:     7   Next: 39%
Magic:  6/6        EV:  9    Int:  7 (9)  God:    Wu Jian [**....]
Gold:   196        SH:  0    Dex: 12      Spells: 6/6 levels left

rFire    . . .     SeeInvis .   (no weapon)
rCold    . . .     Gourm    +   (no shield)
rNeg     . . .     Faith    .   a - +0 robe
rPois    .         Spirit   .   (helmet restricted)
rElec    .         Reflect  .   (no cloak)
rCorr    .         Harm     .   (gloves unavailable)
MR       .....                  (boots unavailable)
Stlth    +.........             (no amulet)
Regen    0.7/turn               g - +3 ring of intelligence
MPRegen  0.1/turn               (no ring)

@: extremely drained
A: unfitting armour, claws 3, fast metabolism 3, gourmand, regeneration 1,
shaggy fur 1, tough skin 2
a: Renounce Religion


You were on level 5 of the Dungeon.
You worshipped Wu Jian.
Wu Jian was pleased with you.
You were completely stuffed.

You visited 1 branch of the dungeon, and saw 5 of its levels.

You collected 196 gold pieces.

Inventory:

Armour
 a - a +0 robe (worn)
Jewellery
 g - a +3 ring of intelligence (left claw)
 q - a +5 ring of intelligence
Scrolls
 c - a scroll of amnesia {unknown}
 f - 6 scrolls of remove curse {unknown}
 i - a scroll of noise {unknown}
 j - a scroll of fog {unknown}
 k - 5 scrolls of identify {unknown}
 l - a scroll of fear {unknown}
 m - 2 scrolls of magic mapping {unknown}
 n - a scroll of enchant armour {unknown}
 p - a scroll of recharging {unknown}
 r - 2 scrolls of teleportation {unknown}
Potions
 e - a potion of degeneration
 o - a potion of cancellation {unknown}
 t - a potion of heal wounds
 v - a potion of magic {unknown}
 w - a potion of might {unknown}
Comestibles
 b - 4 bread rations
 d - 3 meat rations
 h - 5 fruits
 s - a royal jelly
 u - 3 chunks of flesh


   Skills:
 + Level 5.0(0.0) Fighting
 - Level 3.3(0.0) Dodging
 - Level 2.2(0.0) Stealth
 * Level 6.4(0.7) Unarmed Combat


You had 6 spell levels left.
You didn't know any spells.

Dungeon Overview and Level Annotations

Branches:
Dungeon (5/15)
 Temple: D:4-7

Altars:
Cheibriados
Makhleb
Wu Jian


Innate Abilities, Weirdness & Mutations

You are too large for most types of armour.
You have claws for hands.
Your metabolism is lightning-fast.
You like to eat raw meat.
Your natural rate of healing is unusually fast.
You are covered in fur. (AC +1)
You have very tough skin. (AC +2)


Message History

You miss something.
You hear some strange, mumbled words.
A magic dart appears from out of thin air!
The magic dart hits you!
* * * LOW HITPOINT WARNING * * *
Something hits you but does no damage.
You feel drained.
You feel less confused.
You barely miss something.
Something hits you but does no damage. x2
You feel drained.
You miss something.
You hear some strange, mumbled words.
A puff of flame appears from out of thin air!
The puff of flame hits you!
* * * LOW HITPOINT WARNING * * *
Something hits you but does no damage.
You feel drained.
You barely miss something. Something hits you but does no damage.
You hear some strange, mumbled words.
A puff of flame appears from out of thin air!
The puff of flame hits you!
You die...

##### ## #... ..#
#..##.. ##.#..#
#..#..# ###
#########@..#.# ..##
#........{....# ...##
#.####.###(...# ....#
#.# #.# #....#
....####.####.# #....#
.....................#
.....>..######..#....#
.....#### ##....#.#
.....# ....#..#


There were no monsters in sight!

Vanquished Creatures
  The ghost of theAP the Skirmisher, an amateur TrMo (D:3)
  2 howler monkeys
  A hound (D:4)
  5 orc wizards (D:4)
  A centaur skeleton (D:4)
  4 worker ants (D:5)
  Natasha (thrice) (D:2)
  Robin (D:3)
  5 adders
  2 worms
  2 dart slugs
  4 leopard geckos
  12 orcs
  7 bats
  7 giant cockroaches
  15 goblins
  10 hobgoblins
  2 jackals (D:1)
  9 kobolds
  3 quokkas
  A ball python (D:1)
  5 frilled lizards
  A leopard gecko skeleton (D:4)
  2 quokka skeletons
  12 rats
117 creatures vanquished.

Vanquished Creatures (others)
  An orc (D:4)
1 creature vanquished.

Grand Total: 118 creatures vanquished

Notes
Turn   | Place    | Note
-------+----------+-------------------------------------------
     0 | D:1      | theAP the Troll Monk began the quest for the Orb.
     0 | D:1      | Reached XP level 1. HP: 23/23 MP: 0/0
    41 | D:1      | Reached XP level 2. HP: 30/31 MP: 1/1
   233 | D:1      | Reached skill level 1 in Unarmed Combat
   406 | D:1      | Reached XP level 3. HP: 32/37 MP: 2/2
   610 | D:2      | Found a snail-covered altar of Cheibriados.
   629 | D:2      | Found a faded altar of an unknown god.
   661 | D:2      | Reached skill level 2 in Unarmed Combat
   680 | D:2      | Noticed Natasha
   686 | D:2      | Killed Natasha
   768 | D:2      | Noticed Natasha
   775 | D:2      | Killed Natasha
   775 | D:2      | Reached XP level 4. HP: 48/48 MP: 3/3
   962 | D:2      | Reached skill level 3 in Unarmed Combat
  1335 | D:2      | Noticed Natasha
  1348 | D:2      | Killed Natasha
  1579 | D:3      | Reached XP level 5. HP: 54/54 MP: 4/4
  1748 | D:3      | Noticed Robin
  1781 | D:3      | Killed Robin
  1861 | D:3      | Noticed theAP's ghost (amateur TrMo)
  1875 | D:3      | Killed theAP's ghost
  1875 | D:3      | Reached skill level 4 in Unarmed Combat
  1875 | D:3      | Reached XP level 6. HP: 8/63 MP: 5/5
  2368 | D:4      | Reached skill level 5 in Unarmed Combat
  2590 | D:4      | Found a burning altar of Makhleb.
  2590 | D:4      | Noticed a cacodemon
  2696 | D:4      | Reached XP level 7. HP: 67/71 MP: 6/6
  2708 | D:4      | Reached skill level 6 in Unarmed Combat
  2889 | D:4      | Found an ornate altar of the Wu Jian Council.
  2897 | D:4      | Became a worshipper of the Wu Jian Council
  2897 | D:4      | Reached * piety under Wu Jian
  2897 | D:4      | Reached ** piety under Wu Jian
  2933 | D:5      | Entered Level 5 of the Dungeon
  2979 | D:5      | Reached skill level 5 in Fighting
  3086 | D:5      | HP: 1/72 [something/puff of flame (10)]
  3087 | D:5      | Killed from afar by an orc wizard

Vault maps used:
D:1:      dpeg_arrival_tiny_c
D:2:      chequers_ecumenical_altar_island, first_bread, cheibriados_altar_1,
          uniq_natasha
D:3:      serial_curves, eino_curves_04, eino_curves_04, uniq_robin
D:4:      lemuel_coloured_pillars_altar, makhleb_altar_promises_db
D:5:      minmay_curled_crystal

Skill      XL: |  1  2  3  4  5  6  7 |
---------------+----------------------+-----
Unarmed Combat | 1 2 3 4 5 6 |  6.4
Fighting       | 4 5 |  5.0
Dodging        | |  3.3
Stealth        | |  2.2

Action                   |  1- 3 |  4- 6 |  7- 9 || total
-------------------------+-------+-------+-------++-------
Melee: Unarmed           |   103 |   179 |    54 ||   336
       Punch             |       |     5 |     2 ||     7
  Use: Potion            |       |     6 |       ||     6
 Stab: Sleeping          |     4 |     4 |       ||     8
       Invisible         |       |     1 |       ||     1
  Eat: Chunk             |     8 |    19 |     7 ||    34
Armor: Robe              |    51 |    51 |    30 ||   132
       Skin              |       |    18 |       ||    18
Dodge: Dodged            |    89 |   119 |    31 ||   239
